AoeStats
← 落花之情

Hideout

503456053Analyzed
4v4 RM · 1mo ago on Aug 31, 2026· 48m 55s· 8 players
Game mode
Random Map
Map size
Large (8 player)
Population
200
Speed
Normal
Resources
Standard
Victory
Conquest
Starting age
Dark Age
Ending age
Imperial Age
RankedLock teamsTeams togetherTeam positionsShared explorationLock speedFull tech treeHidden civsTurbo modeCheats
Victory
Defeat
🇩🇪 Bohemians · Germany
1707
+11
🇫🇷 Ethiopians · France
1676
+13
🇲🇦 Poles · Morocco
1603
+16
🇨🇳 Shu · China
1571
+17
🇩🇪 Chinese · Germany
1632
-16
🇹🇷 Japanese · Türkiye
1632
-16
🇹🇷 Dravidians · Türkiye
1576
-13
🇫🇷 Lithuanians · France
1562
-13
nicetobeatyou
6:55 Loom
10:50 Feudal Age
14:32 Castle Age
12:24 Horse Collar
13:12 Double-Bit Axe
16:20 Bow Saw
16:13 Heavy Plow
23:14 Wheelbarrow
23:19 Gold Mining
29:09 Imperial Age
26:07 Pikeman
26:47 Squires
26:49 Stone Mining
27:31 Scale Mail Armor
27:42 Forging
27:28 Town Watch
28:04 Squires
28:18 Gambesons
29:06 Chain Mail Armor
29:09 Halberdier
30:11 Conscription
31:30 Iron Casting
31:26 Plate Mail Armor
31:01 Arson
33:20 Gold Shaft Mining
33:46 Blast Furnace
33:46 Coinage
33:49 Caravan
35:44 Banking
35:33 Fletching
35:29 Elite Samurai
37:21 Fortified Wall
38:12 Chemistry
38:34 Yasama
38:30 Bodkin Arrow
38:34 Guard Tower
40:27 Bracer
40:39 Masonry
40:09 Treadmill Crane
43:10 Keep
43:01 Ballistics
45:52 Arrowslits
Poggle-der-Fisch
0:31 Loom
8:56 Feudal Age
9:06 Man-at-Arms
9:52 Double-Bit Axe
11:00 Horse Collar
18:01 Castle Age
16:40 Gold Mining
16:44 Stone Mining
17:15 Gold Mining
19:50 Fletching
20:13 Bow Saw
20:13 Town Watch
20:52 Bodkin Arrow
29:20 Wheelbarrow
33:51 Imperial Age
32:11 Hand Cart
32:58 Masonry
33:56 Heavy Rocket Cart
38:18 Crossbowman
39:04 Thumb Ring
39:04 Bracer
39:04 Padded Archer Armor
40:10 Two-Man Saw
40:29 Arbalester
43:18 Leather Archer Armor
44:09 Elite Skirmisher
44:59 Caravan
44:44 Elite Skirmisher
B.
9:58 Feudal Age
14:01 Castle Age
12:07 Double-Bit Axe
12:30 Horse Collar
15:19 Bow Saw
16:51 Heavy Plow
20:41 Wheelbarrow
22:14 Hand Cart
22:52 Loom
29:51 Imperial Age
27:57 Scale Barding Armor
28:03 Forging
28:41 Gold Mining
28:43 Stone Mining
29:32 Chain Barding Armor
29:47 Town Watch
30:40 Iron Casting
29:57 Elite Leitis
30:11 Elite Leitis
31:12 Conscription
31:52 Hoardings
31:57 Plate Barding Armor
39:21 Bloodlines
39:25 Town Patrol
48:33 Chemistry
47:45 Masonry
Bzm_JöNTüRK
10:38 Feudal Age
15:18 Castle Age
15:30 Fletching
19:06 Horse Collar
22:51 Double-Bit Axe
31:14 Imperial Age
29:20 Bodkin Arrow
30:50 Wheelbarrow
30:03 Crossbowman
31:26 Arbalester
34:14 Conscription
35:51 Bracer
ABU-Abir
10:03 Feudal Age
9:33 Loom
10:49 Double-Bit Axe
11:03 Double-Bit Axe
15:59 Castle Age
14:03 Horse Collar
16:51 Bow Saw
23:48 Fortified Wall
24:25 Fervor
25:40 Caravan
27:11 Sanctity
28:13 Heavy Plow
30:10 Wheelbarrow
31:10 Hand Cart
35:38 Imperial Age
34:12 Chemistry
32:53 Treadmill Crane
35:41 Ballistics
35:12 Fletching
36:42 Bombard Tower
36:19 Bodkin Arrow
36:53 Siege Engineers
36:48 Town Watch
38:05 Two-Man Saw
38:21 Coinage
38:01 Bracer
37:46 Elite Hussite Wagon
38:36 Masonry
39:03 Guilds
40:29 Banking
41:21 Architecture
41:47 Murder Holes
46:09 Onager
Mchicha
6:29 Loom
8:50 Feudal Age
8:55 Man-at-Arms
9:59 Double-Bit Axe
11:26 Horse Collar
18:46 Castle Age
19:54 Bow Saw
19:56 Heavy Plow
20:33 Wheelbarrow
20:30 Gold Mining
28:01 Imperial Age
26:10 Fletching
26:49 Crossbowman
27:52 Ballistics
28:39 Bodkin Arrow
28:53 Padded Archer Armor
29:52 Bracer
31:20 Chemistry
32:25 Padded Archer Armor
33:19 Conscription
33:57 Caravan
34:18 Arbalester
36:21 Siege Engineers
43:52 Torsion Engines
45:19 Hand Cart
45:10 Thumb Ring
Youssef
10:06 Feudal Age
14:05 Castle Age
13:02 Double-Bit Axe
12:58 Horse Collar
13:34 Horse Collar
15:34 Bow Saw
18:15 Heavy Plow
20:47 Wheelbarrow
20:57 Gold Mining
20:57 Stone Mining
21:24 Loom
22:31 Hand Cart
24:00 Town Watch
27:14 Imperial Age
25:09 Scale Barding Armor
26:18 Stone Shaft Mining
27:07 Bloodlines
26:57 Husbandry
27:18 Chain Barding Armor
27:22 Cavalier
28:25 Szlachta Privileges
29:10 Forging
28:38 Light Cavalry
31:16 Winged Hussar
32:39 Conscription
35:12 Fortified Wall
35:14 Elite Obuch
35:56 Scale Mail Armor
36:38 Iron Casting
39:14 Caravan
40:49 Lechitic Legacy
42:02 Blast Furnace
落花之情
2:47 Loom
9:18 Feudal Age
9:53 Double-Bit Axe
11:47 Fletching
20:11 Castle Age
18:08 Horse Collar
19:08 Gold Mining
19:24 Loom
20:14 Wheelbarrow
20:13 Crossbowman
20:49 Bodkin Arrow
21:31 Bow Saw
21:56 Town Watch
24:04 Thumb Ring
24:47 Stone Mining
27:08 Gold Shaft Mining
31:51 Imperial Age
29:39 Padded Archer Armor
30:09 Ballistics
31:01 Hand Cart
31:29 Leather Archer Armor
32:39 Bracer
33:42 Chemistry
32:03 Arbalester
33:59 Two-Man Saw
34:30 Ring Archer Armor
35:20 Siege Engineers
36:08 Conscription
36:06 Elite Skirmisher
38:05 Bolt Magazine
39:55 Hoardings
39:54 Coinage
41:03 Banking
40:43 Guilds
43:33 Masonry
43:19 Murder Holes
45:45 Architecture
46:03 Scale Mail Armor
46:13 Forging
46:06 Coiled Serpent Array
46:16 Scale Barding Armor
47:26 Chain Mail Armor
47:00 Pikeman
47:41 Squires
47:56 Halberdier
49:55 Plate Mail Armor
Connection lost

Rejoining the realm…

Still unreachable

The connection could not be restored.

Session expired

The server has moved on; the page needs a fresh start.